 Dungeon Crawl Stone Soup version 0.22.1-1-ga44c0e56f4 (webtiles) character file.

289 JOKERXD40 the Chopper (level 6, -16/56 HPs)
             Began as a Hill Orc Monk on Nov 10, 2018.
             Demolished by an ogre
             ... wielding a +0 giant club
              (19 damage)
             ... on level 3 of the Dungeon.
             The game lasted 00:04:50 (2550 turns).

JOKERXD40 the Chopper (Hill Orc Monk)               Turns: 2550, Time: 00:04:51

Health: -16/56     AC:  8    Str: 16    XL:     6   Next: 31%
Magic:  6/6        EV: 10    Int: 10    God:
Gold:   95         SH:  0    Dex: 13    Spells: 5/5 levels left

rFire    . . .     SeeInvis .   a - +0 hand axe
rCold    . . .     Gourm    .   (no shield)
rNeg     . . .     Faith    .   j - +0 scale mail (curse)
rPois    .         Spirit   .   (no helmet)
rElec    .         Reflect  .   (no cloak)
rCorr    .         Harm     .   (no gloves)
MR       .....                  l - +1 pair of boots {Stlth+}
Stlth    +.........             f - amulet of the acrobat
HPRegen  0.18/turn              (no ring)
MPRegen  0.10/turn              (no ring)

@: flying
A: no striking features
a: no special abilities


You were on level 3 of the Dungeon.
You were not hungry.

You visited 1 branch of the dungeon, and saw 3 of its levels.

You collected 95 gold pieces.

Inventory:

Hand Weapons
 a - a +0 hand axe (weapon)
Missiles
 i - 2 tomahawks (quivered)
Armour
 j - a cursed +0 scale mail (worn)
 k - a +0 plate armour
 l - a +1 pair of boots of stealth (worn)
Jewellery
 f - an amulet of the acrobat (around neck)
Scrolls
 b - a scroll of identify {unknown}
 e - a scroll of teleportation
Potions
 d - 3 potions of curing
 h - 3 potions of flight
Comestibles
 c - 4 rations
 g - 2 chunks of flesh


   Skills:
 + Level 5.1 Fighting
 + Level 6.6 Axes
 + Level 1.6 Armour
 + Level 3.2 Dodging
 + Level 2.1 Stealth


You had 5 spell levels left.
You didn't know any spells.
Your spell library was empty.

Dungeon Overview and Level Annotations

Branches:
Dungeon (3/15)

Altars:


Message History

The ogre is moderately wounded.
The ogre hits you with a giant club!
* * * LOW HITPOINT WARNING * * *
You closely miss the ogre.
The ogre is moderately wounded.
The ogre closely misses you.
Okay, then.
It was a potion of curing.
You feel better. The gnoll barely misses you.
You barely miss the ogre.
The ogre is moderately wounded.
You closely miss the gnoll. The ogre hits you with a giant club!
* * * LOW HITPOINT WARNING * * *
A gnoll comes into view. It is wielding an enchanted spear.
The gnoll completely misses you.
It was a potion of flight.
You feel very buoyant.
You fly up into the air.
The gnoll shouts!
The ogre hits you with a giant club!!
You die...

.'....' #..(g# #.(..#
#.(..# #.().# #'# #...)#
..#############'(''######
..#.............Og.......
###≈≈≈≈≈≈≈≈≈≈≈≈.@..≈≈≈≈≈≈
≈≈≈≈≈≈≈≈≈≈≈≈≈≈≈))).≈≈≈≈≈≈
≈≈≈≈≈≈≈≈≈≈≈≈≈≈≈.)..≈≈≈≈≈≈
........)................
.........................
#####.##########.#####.#<
# #.# #.# .# # #.#
#.##### # # #.# ###+#<).#


You could see an ogre and 2 gnolls.

Vanquished Creatures
  A gnoll shaman (D:3)
  An iguana (D:3)
  A worker ant (D:3)
  A howler monkey zombie (D:2)
  8 gnolls (D:3)
  5 adders
  A worm (D:2)
  2 dart slugs
  3 leopard geckos
  An orc (D:3)
  12 bats
  11 goblins
  10 hobgoblins
  6 jackals (D:3)
  5 frilled lizards
  4 kobolds
  7 rats
79 creatures vanquished.

Notes
Turn   | Place    | Note
-------+----------+-------------------------------------------
     0 | D:1      | JOKERXD40 the Hill Orc Monk began the quest for the Orb.
     0 | D:1      | Reached XP level 1. HP: 19/19 MP: 1/1
   367 | D:1      | Reached XP level 2. HP: 26/27 MP: 2/2
   613 | D:1      | Reached XP level 3. HP: 33/33 MP: 3/3
  1299 | D:3      | Reached skill level 5 in Axes
  1299 | D:3      | Reached XP level 4. HP: 35/40 MP: 4/4
  1549 | D:2      | Reached XP level 5. HP: 46/46 MP: 5/5
  1982 | D:3      | Reached skill level 6 in Axes
  2089 | D:3      | Reached skill level 1 in Armour
  2397 | D:3      | Reached XP level 6. HP: 40/55 MP: 6/6
  2399 | D:3      | Reached skill level 5 in Fighting
  2550 | D:3      | Demolished by an ogre

Skill      XL: |  1  2  3  4  5  6 |
---------------+-------------------+-----
Fighting       | 4 5 |  5.1
Dodging        | 3 |  3.2
Stealth        | 2 |  2.1
Axes           | 5 6 |  6.6
Armour         | 1 |  1.6

Action                   |  1- 3 |  4- 6 || total
-------------------------+-------+-------++-------
Melee: Hand axe          |    82 |   197 ||   279
Throw: Tomahawk          |       |     5 ||     5
  Use: Scroll            |     1 |     2 ||     3
       Potion            |       |     2 ||     2
 Stab: Sleeping          |     4 |       ||     4
  Eat: Chunk             |     1 |     5 ||     6
Armor: Robe              |    25 |       ||    25
       Scale mail        |     5 |   100 ||   105
Dodge: Dodged            |   107 |   156 ||   263
